 Dungeon Crawl Stone Soup version 0.17-a0-1210-g1e4f09d (webtiles) character file.

113 kidanger the Firebug (level 4, -12/24 HPs)
             Began as a Deep Elf Fire Elementalist on June 4, 2015.
             Was an Initiate of Gozag.
             Killed from afar by an orc (36 damage)
             ... with an exploding inner flame
             ... hexed by the player character
             ... on level 3 of the Dungeon.
             The game lasted 00:21:03 (1709 turns).

kidanger the Firebug (Deep Elf Fire Elementalist)   Turns: 1709, Time: 00:21:03

Health: -12/24     AC:  9    Str:  7    XL:     4   Next: 65%
Magic:  4/12       EV: 13    Int: 21    God:    Gozag
Gold:   132        SH:  0    Dex: 15    Spells: 4 memorised, 1 level left

rFire  . . .     SeeInvis .     d - +1 short sword (protect)
rCold  . . .     Clarity  .     a - +0 robe
rNeg   . . .     SustAt   .     (no shield)
rPois  .         Gourm    .     (no helmet)
rElec  .         Spirit   .     g - +0 cloak
rCorr  .         Warding  .     o - +0 pair of gloves
rMut   .         Rnd*Tele +     (no boots)
MR     .....                    (no amulet)
Stlth  ++........               m - ring of teleportation (curse)
                                p - +2 ring of strength

@: not resistant to hostile enchantments, unstealthy
A: no striking features
a: Potion Petition, Call Merchant, Bribe Branch, Renounce Religion, Evoke
Teleportation


You were on level 3 of the Dungeon.
You worshipped Gozag.
Gozag was noncommittal.
You were not hungry.

You visited 1 branch of the dungeon, and saw 3 of its levels.

You collected 155 gold pieces.
You paid 23 gold pieces to Gozag.

Inventory:

Hand weapons
 d - a +1 short sword of protection (weapon)
Armour
 a - a +0 robe (worn)
 g - a +0 cloak (worn)
 o - a +0 pair of gloves (worn)
Jewellery
 j - an uncursed ring of protection from cold
 k - an uncursed ring of positive energy
 m - a cursed ring of teleportation (right hand)
 p - a +2 ring of strength (left hand)
Scrolls
 h - a scroll of identify
Potions
 e - 2 potions of curing
 f - a potion of mutation {unknown}
 i - a potion of flight {unknown}
 l - a potion of resistance {unknown}
 n - a potion of heal wounds
 q - a potion of brilliance {unknown}
Books
 b - a book of Flames

   Spells                             Type                      Level
   a - Flame Tongue                   Conjuration/Fire             1
   b - Throw Flame                    Conjuration/Fire             2
   c - Conjure Flame                  Conjuration/Fire             3
   d - Inner Flame                    Hexes/Fire                   3
   e - Sticky Flame                   Conjuration/Fire             4
   f - Fireball                       Conjuration/Fire             5
Comestibles
 c - 3 bread rations


   Skills:
 + Level 2.9 Dodging
 + Level 3.2 Stealth
 + Level 4.2 Spellcasting
 + Level 2.2 Conjurations
 + Level 4.2 Fire Magic


You had one spell level left.
You knew the following spells:

 Your Spells              Type           Power        Failure   Level  Hunger
a - Flame Tongue          Conj/Fire      ###..        3%          1    None
b - Throw Flame           Conj/Fire      ###...       6%          2    #......
c - Inner Flame           Hex/Fire       ##......     17%         3    ###....
d - Sticky Flame          Conj/Fire      ###.....     34%         4    ####...


Dungeon Overview and Level Annotations

Branches:
Dungeon (3/15)

Altars:
Gozag


Message History

The orc is moderately wounded.
The orc hits you but does no damage.
Casting: Flame Tongue
Confirm with . or Enter, or press ? or * to list all spells.
Aiming: Flame Tongue
Press: ? - help, Shift-Dir - straight line, f/p - orc
Aim: an orc, wielding a flail and wearing a ring mail (moderately wounded, inner flame)
The flame tongue hits the orc.
The orc is almost dead.
Casting: Flame Tongue
Confirm with . or Enter, or press ? or * to list all spells.
Aiming: Flame Tongue
Press: ? - help, Shift-Dir - straight line, f/p - orc
Aim: an orc, wielding a flail and wearing a ring mail (almost dead, inner flame)
The flame tongue hits the orc.
The orc explodes!
The fiery explosion engulfs you!
Ouch! That really hurt!
You die...
Your body crumbles into a pile of gold.

........#
##........##
........##
#..........#
#####....##
#.....[....#
####..#
##..........# ##.#
#...........#
#.####(....<.....#
#...##.#........##
###.##.#.......##
#.#..#@#######
#.#.##ยง# #...##o#
##..##.# #..#..#
#..)... .......$$
###.......
##.##...o


You could see an orc.

Vanquished Creatures
  Natasha (twice) (D:2)
  4 adders (D:2)
  2 shadow imps (D:2)
  2 oozes
  A giant gecko (D:1)
  2 bats
  2 giant cockroaches
  4 goblins
  6 hobgoblins
  4 kobolds
  2 quokkas
  A giant newt (D:3)
  9 rats
41 creatures vanquished.

Notes
Turn   | Place    | Note
--------------------------------------------------------------
     0 | D:1      | kidanger the Deep Elf Fire Elementalist began the quest for the Orb.
     0 | D:1      | Reached XP level 1. HP: 10/10 MP: 6/6
   138 | D:1      | Reached XP level 2. HP: 15/15 MP: 4/8
   142 | D:1      | Learned a level 2 spell: Throw Flame
   693 | D:2      | Reached skill level 4 in Fire Magic
   693 | D:2      | Reached XP level 3. HP: 19/19 MP: 5/9
   716 | D:2      | Learned a level 3 spell: Inner Flame
   962 | D:2      | Noticed Natasha
   975 | D:2      | Killed Natasha
  1062 | D:2      | Reached XP level 4. HP: 24/24 MP: 0/12
  1320 | D:2      | Noticed Natasha
  1325 | D:2      | Killed Natasha
  1342 | D:2      | Learned a level 4 spell: Sticky Flame
  1416 | D:2      | Found an opulent altar of Gozag.
  1499 | D:2      | Became a worshipper of Gozag Ym Sagoz the Greedy
  1709 | D:3      | Killed from afar by an orc

Vault maps used:
D:1:      wheals_arrival_shading, kennysheep_boxes
D:2:      lemuel_coloured_pillars_altar, uniq_natasha
D:3:      first_bread

Action                   |  1- 3 |  4- 6 || total
-------------------------+-------+-------++-------
Melee: Short sword       |       |     4 ||     4
 Cast: Flame Tongue      |    34 |    17 ||    51
       Throw Flame       |     7 |    10 ||    17
       Inner Flame       |     1 |     1 ||     2
Invok: Potion Petition   |       |     1 ||     1
  Use: Scroll            |     3 |     3 ||     6
       Potion            |       |     1 ||     1
  Eat: Chunk             |     1 |     2 ||     3
